 Dungeon Crawl Stone Soup version 0.27-a0-604-g29a88b33a7 (webtiles) character file.

Game seed: 16800560989823181123

103846 jasper the Spry (level 15, -12/72 HPs)
             Began as a Spriggan Brigand on Mar 12, 2021.
             Was the Champion of Hepliaklqana.
             Killed from afar by Nikola (25 damage)
             ... with a chain lightning
             ... on level 1 of the Swamp.
             The game lasted 01:00:37 (38968 turns).

jasper the Spry (Spriggan Brigand)                 Turns: 38968, Time: 01:00:37

Health: -12/72     AC: 16    Str: 10    XL:     15   Next: 90%
Magic:  27/27      EV: 34    Int: 13    God:    Hepliaklqana [******]
Gold:   162        SH:  0    Dex: 23    Spells: 11/14 levels left

rFire    + . .     SeeInvis +   l - +12 Vampire's Tooth {vamp}
rCold    + . .     Faith    .   (shield restricted)
rNeg     . . .     Spirit   .   u - +4 acid dragon scales
rPois    .         Reflect  .   N - +2 hat {Will+}
rElec    .         Harm     .   H - +2 cloak
rCorr    +         Rampage  .   (gloves unavailable)
Will     +++..                  (boots unavailable)
Stlth    +++.......             D - amulet "Toyfaoreev" {RegenMP rC+ Str+3 Slay+2}
HPRegen  0.22/turn              s - +4 ring of evasion
MPRegen  0.45/turn              g - ring of protection from fire

@: very quick
A: very small, unfitting armour, reduced essence, see invisible, speed 3
a: Renounce Religion, Recall Ancestor, Ancestor Identity, Transference, Idealise


You were on level 1 of the Swamp.
You worshipped Hepliaklqana.
Hepliaklqana was exalted by your worship.
You visited 4 branches of the dungeon, and saw 24 of its levels.
You also visited: Ossuary, Gauntlet and Ice Cave.

You collected 2424 gold pieces.
You spent 2262 gold pieces at shops.

Inventory:

Hand Weapons
 b - a +2 scimitar of flaming
 l - the +12 Vampire's Tooth (weapon) {vamp}
   (You found it on level 13 of the Dungeon)

   It inflicts no extra harm, but heals its wielder when it wounds a living foe.
 X - a +4 scimitar of flaming
Missiles
 w - 71 poisoned darts
 B - 21 boomerangs (quivered)
 E - 16 curare-tipped darts
Armour
 u - +4 acid dragon scales (worn)
 A - the +1 robe "Puplucw" {SInv Stlth+}
   (You found it on level 6 of the Dungeon)

   It lets you see invisible.
   It makes you more stealthy.
 H - a +2 cloak (worn)
 K - +0 steam dragon scales
 N - a +2 hat of willpower (worn)
Jewellery
 g - a ring of protection from fire (left hand)
 h - a ring of ice
 i - a ring of magical power
 s - a +4 ring of evasion (right hand)
 t - a +6 ring of strength
 D - the amulet "Toyfaoreev" (around neck) {RegenMP rC+ Str+3 Slay+2}
   (You acquired it on level 4 of the Dungeon)

   [amulet of magic regeneration]

   It increases your magic regeneration.
   It affects your strength (+3).
   It affects your accuracy and damage with ranged weapons and melee attacks
   (+2).
   It protects you from cold.
 I - a ring of wizardry
 Q - a ring of resist corrosion
 R - the ring of Saidug {Fire rElec Stlth+}
   (You found it in a Gauntlet)

   [ring of fire]

   It enhances your fire magic.
   It protects you from fire.
   It makes you vulnerable to cold.
   It insulates you from electricity.
   It makes you more stealthy.
Wands
 v - a wand of flame (17)
 y - a wand of random effects (14)
 F - a wand of polymorph (6)
 G - a wand of mindburst (14)
 S - a wand of paralysis (4)
Scrolls
 a - 2 scrolls of identify
 d - 4 scrolls of amnesia
 k - 6 scrolls of enchant weapon
 m - 5 scrolls of fear
 o - 9 scrolls of teleportation
 r - a scroll of enchant armour
 x - 2 scrolls of magic mapping
 J - a scroll of vulnerability
 P - a scroll of brand weapon
 T - a scroll of fog
 W - a scroll of blinking
 Y - 2 scrolls of summoning
 Z - a scroll of immolation
Potions
 c - 2 potions of heal wounds
 e - 3 potions of brilliance
 f - 5 potions of cancellation
 j - 3 potions of resistance
 n - a potion of lignification
 p - 6 potions of might
 q - 2 potions of berserk rage
 z - 5 potions of attraction
 C - 3 potions of magic
 M - 7 potions of ambrosia
 O - a potion of haste
 U - a potion of flight
 V - 2 potions of curing
Miscellaneous
 L - a condenser vane (inert)


   Skills:
 - Level 10.2 Fighting
 - Level 2.1(11.9) Short Blades
 - Level 13.9(14.0) Long Blades
 - Level 2.0 Throwing
 + Level 3.7 Armour
 - Level 15.2 Dodging
 - Level 6.3 Stealth
 * Level 14.9 Invocations
 - Level 2.6 Evocations


You had 11 spell levels left.
You knew the following spells:

 Your Spells              Type           Power      Damage    Failure   Level
a - Ozocubu's Armour      Ice            0%         N/A       82%         3

Your spell library contained the following spells:

 Spells                   Type           Power      Damage    Failure   Level
 Freeze                   Ice            0%         1d3       43%         1
 Summon Small Mammal      Summ           0%         N/A       43%         1
 Call Imp                 Summ           0%         N/A       58%         2
 Call Canine Familiar     Summ           0%         N/A       82%         3
 Confusing Touch          Hex            0%         N/A       82%         3
 Frozen Ramparts          Ice            0%         1d2       82%         3
 Gell's Gravitas          Tloc           0%         N/A       82%         3
 Ignite Poison            Fire/Tmut/Pois 0%         N/A       82%         3
 Summon Guardian Golem    Hex/Summ       0%         N/A       82%         3
 Hailstorm                Conj/Ice       0%         3d3       99%         4
 Petrify                  Tmut/Erth      0%         N/A       99%         4
 Summon Ice Beast         Ice/Summ       0%         N/A       99%         4
 Summon Lightning Spire   Summ/Air       0%         N/A       99%         4
 Fireball                 Conj/Fire      0%         3d3       100%        5
 Irradiate                Conj/Tmut      0%         3d13      100%        5
 Metabolic Englaciation   Hex/Ice        0%         N/A       100%        5
 Yara's Violent Unravell  Hex/Tmut       0%         3d3       100%        5
 Hydra Form               Tmut           0%         N/A       100%        6
 Starburst                Conj/Fire      0%         8x6d3     100%        6
 Statue Form              Tmut/Erth      0%         N/A       100%        6
 Dragon Form              Tmut           0%         N/A       100%        7
 Ignition                 Fire           0%         3d3       100%        8


Dungeon Overview and Level Annotations

Branches:
Dungeon (15/15)            Temple (0/1) D:4            Lair (6/6) D:9
  Swamp (1/4) Lair:4        Snake (0/4) Lair:3        Slime (0/5) Lair:5
    Orc (2/2) D:11            Elf (0/3) Orc:2        Vaults (0/5) D:14
 Depths (0/5) D:15        Ossuary (visited)           IceCv (visited)
Gauntlet (visited)

Altars:
Fedhas
Gozag
Hepliaklqana
Nemelex Xobeh
Ru
Sif Muna
Uskayaw
Beogh
Jiyva

Shops:
D:4 [??:(   D:14 [[[([   D:15 [   Orc:2 !(:=

Portals:
Trove: D:14 (give +4 fire dragon scales)

Annotations:
D:5 Prince Ribbit
D:14 3 runed translucent doors, foci's ghost, journeyman GrFi
Lair:1 exclusion: oklob plant
Lair:5 exclusion: 2 oklob plants
Swamp:1 Nikola


Innate Abilities, Weirdness & Mutations

You are very small and have problems with some larger weapons.
You are too small for most types of armour.
You have supernaturally acute eyesight. (SInv)
You cover ground extremely quickly. (Speed+++)
Your life essence is reduced to manifest your ancestor. (-10% HP)


Message History

Pepsi Man burns Nikola.
Pepsi Man blocks Nikola's attack.
Pepsi Man hits Nikola with a +0 broad axe of flaming!
Pepsi Man burns Nikola.
Nikola hits Pepsi Man with a +2 rapier of electrocution!
Lightning courses through Pepsi Man!
Hepliaklqana grants Pepsi Man healing and protection!
Pepsi Man is fully restored!
Pepsi Man hits Nikola with a +0 broad axe of flaming!!
Pepsi Man burns Nikola!
Nikola splashes around in the water.
You now have 23/27 mp.
Pepsi Man hits Nikola with a +0 broad axe of flaming!!
Pepsi Man burns Nikola!
Nikola hits Pepsi Man with a +2 rapier of electrocution!
Pepsi Man blocks Nikola's attack.
Pepsi Man hits Nikola but does no damage.
Nikola hits Pepsi Man but does no damage.
Pepsi Man hits Nikola with a +0 broad axe of flaming!
Pepsi Man burns Nikola.
Nikola hits Pepsi Man but does no damage.
Pepsi Man closely misses Nikola.
Pepsi Man blocks Nikola's attack.
Pepsi Man hits Nikola with a +0 broad axe of flaming!!
Pepsi Man burns Nikola!
Nikola gestures at Pepsi Man while chanting.
The bolt of lightning hits Pepsi Man!!!
The bolt of lightning hits you!!!
Ouch! That really hurt!
The tree smoulders and burns.
You take 36 damage, and have 36/72 hp.
MASSIVE DAMAGE!!
Pepsi Man barely misses Nikola.
Nikola asks, "Are you insulated?"
Nikola mumbles some strange words.
You hear a mighty clap of thunder!
The lightning arc hits Pepsi Man!!
Pepsi Man is destroyed!
The lightning arc hits Nikola.
Nikola shouts!
The lightning arc hits you!!
* * * LOW HITPOINT WARNING * * *
The lightning arc hits Nikola.
The lightning arc hits you!!
You die...

.≈≈.≈≈.§.≈
.≈≈≈.≈...
?.......
♣♣.≈≈≈..
.♣≈.≈≈≈.♣
...≈≈..@♣
.≈≈≈≈≈..♣
≈≈≈≈§≈≈.♣♣
≈≈§≈≈≈≈@≈♣
≈≈≈≈≈≈..♣≈..≈≈≈.
≈.≈≈...§♣♣♣.≈≈≈^
♣.≈≈..♣♣♣ ♣..≈
♣♣.≈≈. .. ♣..≈[
♣≈..≈ ♣♣♣.


You could see Nikola.

Vanquished Creatures
  A fire giant (D:15)
  Louise (D:15)
  A vampire knight (D:13)
  A minotaur (Gauntlet)
  Snorg (Orc:2)
  An ogre mage (D:14)
  A merfolk avatar (Lair:6)
  A catoblepas (Lair:4)
  Erica (D:10)
  10 hydras
  A death knight (D:15)
  A boulder beetle (D:10)
  5 two-headed ogres
  5 death yaks
  4 centaur warriors
  An orc high priest (Orc:2)
  2 thrashing horrors (Gauntlet)
  3 slime creatures (D:15)
  An unseen horror (D:5)
  2 harpies (Lair:6)
  An orc knight (Orc:2)
  18 ugly things
  A wolf spider zombie (D:14)
  4 manticores
  4 orc sorcerers
  5 cyclopes
  2 elephants (Lair:6)
  An ice statue (IceCv)
  5 black mambas
  13 cane toads
  2 gargoyles
  2 torpor snails
  Maggie (D:8)
  7 centaur skeletons
  Psyche (D:10)
  A kobold demonologist (D:12)
  5 rime drakes
  A tengu conjurer (D:15)
  An efreet (D:15)
  5 yaktaurs (D:14)
  9 komodo dragons
  A troll (D:10)
  3 meliai (Lair:4)
  A wind drake (Lair:6)
  A wolf spider simulacrum (D:13)
  A jumping spider (shapeshifter) (D:12)
  3 hornets (Lair:6)
  4 tyrant leeches
  4 polar bears
  A slime creature (shapeshifter) (D:15)
  A centaur simulacrum (D:14)
  4 flying skulls (Gauntlet)
  Sigmund (D:2)
  4 shadows
  9 wyverns
  2 wraiths
  A vampire (D:13)
  7 basilisks
  37 yaks
  A hog (shapeshifter) (D:15)
  4 vampire mosquitoes (D:15)
  A small abomination (Gauntlet)
  3 nagas (Lair:3)
  An acid dragon (D:15)
  5 wargs
  5 water moccasins
  A swamp worm (Lair:4)
  18 orc warriors
  16 ice beasts
  6 sky beasts
  A boggart (D:14)
  An eye of draining (D:8)
  2 black bears
  10 wolves
  9 ogres
  4 centaurs
  A phantom (D:5)
  6 kobold brigands
  Blork the orc (D:4)
  A wyvern zombie (D:12)
  15 bullfrogs
  A gnoll sergeant (D:10)
  A water moccasin zombie (D:11)
  2 wyvern skeletons
  19 killer bees (Lair:4)
  2 scorpions
  4 electric eels
  2 howler monkeys (D:11)
  4 centaur zombies
  A bullfrog skeleton (D:10)
  3 hounds
  2 jellies
  A quasit (D:12)
  13 orc priests
  Ijyb (D:5)
  Jessica (D:2)
  6 hell rats (Lair:6)
  Terence (D:3)
  A knight (D:10)
  Natasha (twice) (D:2)
  5 iguanas
  28 orc wizards
  6 worker ants
  A hound zombie (D:7)
  3 hound skeletons
  A howler monkey zombie (D:7)
  A worker ant zombie (D:6)
  2 gnolls (D:10)
  10 adders
  A howler monkey skeleton (D:6)
  A shadow imp (D:6)
  A white imp (D:6)
  An ufetubus (D:6)
  An ooze (D:5)
  2 adder skeletons
  3 worms
  5 dart slugs
  8 leopard geckos
  95 orcs
  11 bats
  6 giant cockroaches
  11 goblins
  5 hobgoblins
  11 jackals
  21 kobolds
  6 quokkas
  2 ball pythons
  A ball python skeleton (D:4)
  10 frilled lizards
  A leopard gecko zombie (D:5)
  A quokka skeleton (D:5)
  10 rats
668 creatures vanquished.

Vanquished Creatures (collateral kills)
  Gastronok (Lair:3)
  A vampire knight (D:13)
  Harold (D:8)
  2 ogre magi (D:15)
  A boulder beetle (D:12)
  2 hydras (Lair:5)
  A death yak (Lair:5)
  A two-headed ogre (D:10)
  Sonja (D:10)
  A skeletal warrior (D:14)
  4 orc sorcerers (Orc:2)
  A manticore (D:13)
  A moth of wrath (Lair:4)
  Joseph (D:7)
  A black mamba (Lair:6)
  A centaur zombie (D:10)
  2 cane toads
  A rime drake (Lair:6)
  A kobold demonologist (D:11)
  A troll (D:12)
  A wind drake (Lair:6)
  A hornet (Lair:6)
  A slime creature (D:10)
  2 flying skulls (Gauntlet)
  A centaur simulacrum (D:10)
  A vampire (D:13)
  3 wyverns
  A wraith (D:10)
  2 basilisks
  4 yaks
  A vampire mosquito (D:13)
  Grum (D:9)
  A small abomination (Gauntlet)
  3 wargs
  A swamp worm (Lair:4)
  A naga (Lair:3)
  An acid dragon (D:12)
  An ice beast (D:7)
  A hornet zombie (D:8)
  A sky beast (D:13)
  A black bear (D:10)
  3 orc warriors
  8 ogres
  3 wolves (Lair:4)
  2 centaurs
  A phantom (D:8)
  3 bullfrogs
  A wyvern skeleton (D:12)
  3 scorpions
  A killer bee (Lair:4)
  An electric eel (D:8)
  A hound (D:4)
  A jelly (D:9)
  2 orc priests
  15 orc wizards
  3 worker ants
  3 gnolls (D:10)
  6 adders
  A howler monkey skeleton (D:8)
  2 shadow imps (D:8)
  2 white imps
  An adder zombie (D:8)
  26 orcs
  A goblin (D:12)
  A hobgoblin (D:2)
  5 kobolds
  A rat (D:2)
153 creatures vanquished.

Vanquished Creatures (others)
  A goliath frog (Swamp:1)
  A tyrant leech (Swamp:1)
  2 bloated husks (Swamp:1)
  A queen bee (Lair:4)
  11 knights
  2 orc wizards (Orc:2)
  4 ancestors
  An orc (Orc:2)
  27 fungi
  102 plants
  A withered plant (Ossuary)
153 creatures vanquished.

Grand Total: 974 creatures vanquished

Notes
Turn   | Place    | Note
-------+----------+-------------------------------------------
     0 | D:1      | jasper the Spriggan Brigand began the quest for the Orb.
     0 | D:1      | Reached XP level 1. HP: 10/10 MP: 2/2
    72 | D:1      | Reached XP level 2. HP: 14/15 MP: 3/3
   247 | D:1      | Reached skill level 1 in Long Blades
   358 | D:1      | Reached skill level 2 in Dodging
   550 | D:1      | Reached XP level 3. HP: 18/18 MP: 4/4
  1144 | D:2      | Found a faded altar of an unknown god.
  1169 | D:2      | Noticed Natasha
  1198 | D:2      | Became a worshipper of Hepliaklqana the Forgotten
  1198 | D:2      | Reached * piety under Hepliaklqana
  1243 | D:2      | Killed Natasha
  1244 | D:2      | Reached XP level 4. HP: 13/20 MP: 5/5
  1445 | D:2      | Noticed Natasha
  1458 | D:2      | Killed Natasha
  1581 | D:2      | Reached skill level 3 in Dodging
  1713 | D:2      | Noticed Sigmund
  1724 | D:2      | Killed Sigmund
  1725 | D:2      | Reached XP level 5. HP: 25/25 MP: 6/6
  1725 | D:2      | Reached XP level 6. HP: 28/28 MP: 7/7
  2148 | D:2      | Noticed Jessica
  2151 | D:2      | Killed Jessica
  2152 | D:2      | Reached skill level 4 in Dodging
  2304 | D:3      | Noticed Terence
  2306 | D:3      | Killed Terence
  3555 | D:3      | Reached XP level 7. HP: 22/32 MP: 4/8
  3979 | D:4      | Reached skill level 5 in Dodging
  4247 | D:4      | Found a sand-covered staircase.
  4279 | Ossuary  | Entered an ossuary
  4331 | D:4      | Found Rahu's Magic Scroll Shoppe.
  4569 | D:4      | Found Qeoger's Magic Scroll Emporium.
  4613 | D:5      | Entered Level 5 of the Dungeon
  4649 | D:5      | Reached ** piety under Hepliaklqana
  4650 | D:5      | Remembered your ancestor Pepsi Man as a knight
  5044 | D:5      | Reached skill level 5 in Long Blades
  5078 | D:5      | Reached skill level 6 in Dodging
  5078 | D:5      | Reached XP level 8. HP: 34/37 MP: 5/9
  5235 | D:5      | Noticed Ijyb
  5249 | D:5      | Killed Ijyb
  5444 | D:5      | Found a hazy altar of Hepliaklqana.
  5488 | D:5      | Noticed Prince Ribbit
  5489 | D:5      | Noticed an unseen horror
  5537 | D:5      | Killed an unseen horror
  5538 | D:5      | Reached skill level 7 in Dodging
  6041 | D:6      | Identified the +1 robe "Puplucw" {SInv Stlth+}
  6119 | D:6      | Reached skill level 5 in Fighting
  6269 | D:6      | Reached XP level 9. HP: 26/42 MP: 4/10
  6759 | D:7      | Noticed Joseph
  6879 | D:7      | Killed Joseph
  6880 | D:7      | Reached skill level 8 in Dodging
  7689 | D:8      | Reached *** piety under Hepliaklqana
  7695 | D:8      | Reached skill level 9 in Dodging
  7782 | D:8      | Noticed Harold
  7841 | D:8      | Killed Harold
  7842 | D:8      | Reached XP level 10. HP: 25/45 MP: 3/11
  8092 | D:4      | Found a staircase to the Ecumenical Temple.
  8730 | D:4      | Found Hemirick's Antique Armour Boutique.
  8733 | D:4      | Bought a glowing hat for 168 gold pieces
  8733 | D:4      | Bought a glowing cloak for 180 gold pieces
  8840 | D:4      | Found Meluc's Book Shoppe.
  8965 | D:4      | Noticed Blork the orc
  8973 | D:4      | Killed Blork the orc
  9066 | D:4      | Found Arecao's Antique Weapon Boutique.
  9463 | D:8      | Noticed Maggie
  9487 | D:8      | Killed Maggie
  9983 | D:8      | Found a sacrificial altar of Ru.
 10007 | D:8      | Found a shimmering blue altar of Sif Muna.
 10032 | D:8      | Found a sparkling altar of Nemelex Xobeh.
 10335 | D:8      | Found a hide-covered altar of Uskayaw.
 10439 | D:9      | Found a staircase to the Lair.
 10502 | D:9      | Reached skill level 10 in Long Blades
 10768 | D:9      | Found an opulent altar of Gozag.
 11028 | D:9      | Noticed Grum
 11049 | D:9      | Killed Grum
 11707 | D:10     | Entered Level 10 of the Dungeon
 11707 | D:10     | Noticed Sonja
 11712 | D:10     | Killed Sonja
 11987 | D:10     | Noticed a cyan ugly thing
 11987 | D:10     | Noticed a centaur warrior
 11988 | D:10     | Noticed a manticore
 11988 | D:10     | Noticed a two-headed ogre
 12006 | D:10     | Killed a centaur warrior
 12007 | D:10     | Reached XP level 11. HP: 35/50 MP: 7/12
 12024 | D:10     | Noticed a boulder beetle
 12361 | D:10     | Killed a cyan ugly thing
 13007 | D:10     | Noticed Psyche
 13030 | D:10     | Killed Psyche
 13072 | D:10     | Noticed Erica
 13098 | D:10     | Killed Erica
 13226 | D:10     | Killed a boulder beetle
 13436 | D:10     | Reached **** piety under Hepliaklqana
 14267 | D:11     | Noticed a green ugly thing
 14276 | D:11     | Killed a green ugly thing
 14706 | D:11     | Noticed a purple ugly thing
 14718 | D:11     | Killed a purple ugly thing
 15008 | D:11     | Reached XP level 12. HP: 54/54 MP: 13/13
 15346 | D:11     | Found a staircase to the Orcish Mines.
 15639 | Orc:1    | Entered Level 1 of the Orcish Mines
 16092 | Orc:1    | Reached skill level 10 in Dodging
 16335 | Orc:1    | Reached skill level 1 in Invocations
 16335 | Orc:1    | Reached skill level 1 in Evocations
 16736 | Orc:2    | Entered Level 2 of the Orcish Mines
 17155 | D:4      | Bought a scroll of acquirement for 624 gold pieces
 17155 | D:4      | Acquired the amulet "Toyfaoreev" {RegenMP rC+ Str+3 Slay+2}
 17324 | D:10     | Killed a two-headed ogre
 17548 | D:12     | Noticed a boulder beetle
 17942 | Lair:1   | Entered Level 1 of the Lair of Beasts
 17988 | Lair:1   | You fall into a shaft and drop 1 floor!
 18032 | Lair:2   | Noticed a six-headed hydra
 18042 | Lair:2   | Killed a two-headed hydra
 18123 | Lair:2   | Reached ***** piety under Hepliaklqana
 18989 | Lair:2   | Noticed a six-headed hydra
 19007 | Lair:2   | Killed a three-headed hydra
 19513 | Lair:3   | Noticed Gastronok
 19552 | Lair:3   | Killed Gastronok
 19553 | Lair:3   | Reached skill level 11 in Dodging
 19553 | Lair:3   | Reached skill level 5 in Invocations
 19682 | Lair:3   | Noticed a seven-headed hydra
 19698 | Lair:3   | Killed a three-headed hydra
 20113 | Lair:3   | Found a staircase to the Snake Pit.
 21159 | Lair:4   | Reached XP level 13. HP: 36/59 MP: 17/19
 21654 | Lair:4   | Noticed Nessos
 21675 | Lair:4   | Noticed Nessos
 21675 | Lair:4   | Nessos changed into Nessos the moth of wrath
 21679 | Lair:4   | Killed Nessos the moth of wrath
 22106 | Lair:5   | Reached skill level 12 in Dodging
 22275 | Lair:5   | Identified the +0 kite shield of Distant Worlds {+Blink
                  | rC++ Will+ Dex-5}
 22620 | Lair:5   | Found a viscous altar of Jiyva.
 22620 | Lair:5   | Found a staircase to the Slime Pits.
 22790 | Lair:6   | Entered Level 6 of the Lair of Beasts
 22790 | Lair:6   | Found a gate leading to a gauntlet.
 22834 | Gauntlet | Entered a Gauntlet
 22834 | Gauntlet | Found a transporter.
 22843 | Gauntlet | Found a transporter.
 22858 | Gauntlet | Found a transporter.
 22860 | Gauntlet | Found a large runed translucent door.
 22860 | Gauntlet | Noticed an entropy weaver
 22861 | Gauntlet | Found a large runed translucent door.
 22862 | Gauntlet | Found a large runed translucent door.
 22862 | Gauntlet | Found a large runed translucent door.
 22862 | Gauntlet | Found a runed translucent door.
 22863 | Gauntlet | Found a transporter.
 22864 | Gauntlet | Found a runed translucent door.
 22865 | Gauntlet | Found a large runed translucent door.
 22865 | Gauntlet | Found a large runed translucent door.
 22866 | Gauntlet | Found a large runed translucent door.
 22867 | Gauntlet | Found a large runed translucent door.
 22873 | Gauntlet | Found a large runed translucent door.
 22873 | Gauntlet | Found a large runed translucent door.
 22874 | Gauntlet | Found a large runed translucent door.
 22874 | Gauntlet | Found a large runed translucent door.
 22875 | Gauntlet | Found a large runed translucent door.
 22875 | Gauntlet | Found a large runed translucent door.
 22876 | Gauntlet | Found a runed translucent gate.
 22876 | Gauntlet | Found a runed translucent gate.
 22876 | Gauntlet | Found a runed translucent gate.
 22878 | Gauntlet | Found a transporter.
 22888 | Gauntlet | Found a large runed translucent door.
 22889 | Gauntlet | Found a large runed translucent door.
 22897 | Gauntlet | Found a transporter.
 22909 | Gauntlet | Found a transporter.
 22921 | Gauntlet | Found a transporter.
 22933 | Gauntlet | Found a transporter.
 22945 | Gauntlet | Found a transporter.
 22964 | Gauntlet | Found a transporter.
 22979 | Gauntlet | Found a transporter.
 22981 | Gauntlet | Found a transporter.
 23008 | Gauntlet | Found a transporter.
 23008 | Gauntlet | Found a transporter.
 23028 | Gauntlet | Found a transporter.
 23106 | Gauntlet | Found a transporter.
 23362 | Gauntlet | Found a transporter.
 23628 | Gauntlet | Identified the ring of Saidug {Fire rElec Stlth+}
 23744 | Gauntlet | Noticed a minotaur
 23875 | Gauntlet | Killed a minotaur
 23880 | Gauntlet | Identified the +4 mace of Currency {freeze, rPois Str+3}
 24215 | Lair:6   | Paralysed by a hornet for 3 turns
 25175 | Lair:1   | Found a blossoming altar of Fedhas.
 25705 | Orc:2    | Noticed Snorg
 25748 | Orc:2    | Killed Snorg
 25760 | Orc:2    | Reached skill level 13 in Dodging
 25910 | Orc:2    | Found Mirajas's Antique Weapon Emporium.
 25937 | Orc:2    | Found Fugryed's Distillery.
 25945 | Orc:2    | Paralysed by an orc sorcerer for 7 turns
 26244 | Orc:2    | Reached skill level 10 in Invocations
 26708 | Orc:2    | Found Xuseg's Book Boutique.
 26731 | Orc:2    | Found Veurphiti's Jewellery Emporium.
 27012 | Orc:2    | HP: 1/61 [soul eater/drain life[an orc high priest] (12)]
 28650 | D:12     | Reached XP level 14. HP: 38/66 MP: 22/22
 30066 | D:13     | Noticed a vampire knight
 30092 | D:13     | Found the +12 Vampire's Tooth {vamp}
 30107 | D:13     | Noticed a vampire knight
 30122 | D:13     | Killed a vampire knight
 31078 | D:13     | Killed a vampire knight
 31245 | D:14     | Found Miexietz's Antique Weapon Emporium.
 31252 | D:14     | Found Bunuxy's Antique Armour Boutique.
 31333 | D:14     | Found a portal to a secret trove of treasure.
 31373 | D:14     | Found Liut's Armour Boutique.
 31581 | D:14     | Found a gate to the Vaults.
 31645 | D:14     | Reached skill level 14 in Dodging
 32109 | D:14     | Found Foidgheida's Antique Armour Shoppe.
 32164 | D:14     | Found Idghupno's Antique Armour Shoppe.
 32176 | D:14     | Found a runed translucent gate.
 32176 | D:14     | Found a runed translucent gate.
 32177 | D:14     | Found a runed translucent gate.
 32187 | D:14     | Identified the +6 demon whip of the Wilderness {flame,
                  | Int+2}
 32187 | D:14     | Identified the +8 plate armour "Ytihosue" {rN+ MP-9 Str+8
                  | Int-2}
 32187 | D:14     | Noticed foci's ghost (journeyman GrFi)
 32187 | D:14     | Identified the +0 mace of Hilol {flame, Str+2 Dex+9}
 32194 | D:14     | Identified the +6 shadow dragon scales "Bafeiz" {*Slow
                  | rC+++ rN++ Int-5 Stlth++++}
 32402 | D:15     | Entered Level 15 of the Dungeon
 32484 | D:15     | Found a frozen archway.
 32521 | IceCv    | Entered an ice cave
 32522 | IceCv    | Found a transporter.
 32661 | IceCv    | Found a transporter.
 33019 | D:15     | Found a staircase to the Depths.
 33020 | D:15     | Noticed a fire giant
 33044 | D:15     | Killed a fire giant
 33297 | D:15     | Reached XP level 15. HP: 72/72 MP: 25/25
 33474 | D:15     | Found Emoicu's Armour Shop.
 33487 | D:15     | Noticed Louise
 33490 | D:15     | Killed Louise
 33514 | D:15     | Reached skill level 15 in Dodging
 34171 | Orc:2    | Reached skill level 10 in Fighting
 34230 | Orc:2    | Found a staircase to the Elven Halls.
 34693 | D:14     | Bought shiny acid dragon scales for 1290 gold pieces
 35074 | Orc:1    | You fall into a shaft and drop 1 floor!
 35397 | Lair:4   | Learned a level 3 spell: Ozocubu's Armour
 35573 | Lair:4   | Reached skill level 1 in Armour
 35968 | Lair:4   | Found a staircase to the Swamp.
 37745 | Lair:6   | Reached ****** piety under Hepliaklqana
 38507 | Swamp:1  | Entered Level 1 of the Swamp
 38520 | Swamp:1  | Noticed Nikola
 38968 | Swamp:1  | Killed from afar by Nikola

Illustrated notes

Levels and vault maps discovered:
D:1:      dpeg_arrival_line_fractal, layout_basic, grunt_decor_fettered
D:2:      layout_basic, chequers_ecumenical_altar_simple,
          minmay_randomly_rotated_circles, uniq_sigmund, uniq_natasha,
          uniq_jessica
D:3:      layout_loops_cross, serial_park_tiny_pond, uniq_terence
D:4:      layout_basic, minmay_temple_entry_grid, nicolae_ossuary_entry_ruins,
          serial_shops, kennysheep_little_box, shop, shop, shop, shop,
          uniq_blork_the_orc
D:5:      layout_rooms, nicolae_overflow_hidden_temple, minmay_divided_ellipse,
          uniq_prince_ribbit1, uniq_ijyb
D:6:      layout_basic, minmay_statues_item
D:7:      layout_cave_pools, serial_park, serial_park_gazebo
          [serial_park_minivault_5x5_3], serial_park_tiny_2, serial_park_tiny_2,
          uniq_joseph
D:8:      layout_rooms, nicolae_overflow_quartered_altars,
          grunt_decor_one_mirror, disabler_island, uniq_harold, uniq_maggie
D:9:      layout_cave_pods, lair_entry_dummy, special_room [special_room_orc],
          kennysheep_flooded_box, minmay_microvault, uniq_grum
D:10:     layout_long_grid, minivault_28, uniq_sonja, uniq_psyche, uniq_erica
D:11:     layout_gridville, minmay_orc_entry_guard_dogs, st_stairs_5
D:12:     layout_loops_ring, enter_bailey_4
D:13:     layout_cave_pods, minmay_guarded_unrand_vampires_tooth
D:14:     layout_roguey, hangedman_vaults_entry_quadrant_bands, serial_shops,
          shop_statue, shop, kennysheep_mini, shop, shop,
          amcnicky_mini_pool_small, enter_trove_1, biasface_ghost_orc_armoury
D:15:     grunt_enter_depths_giant_problem, layout_loops_ring, serial_shops,
          shop, portal_ice_cave_entry_ice_beasts, kennysheep_four_rooms,
          uniq_louise
Lair:1:   layout_loops_ring, serial_bayou_pond_a, tgw_fedhas
Lair:2:   layout_cave_pods, st_stairs_10
Lair:3:   layout_cave_pods, minmay_snake_entry_guardpost_medium, uniq_gastronok
Lair:4:   layout_roguey [special_room_bee], palyth_hydra_swamp_entry,
          beast_lair_carwin_8, grunt_megastairs_1, uniq_nessos
Lair:5:   layout_misc_corridors, dpeg_slime_entry_enclosed_altar,
          grunt_megastairs_2, minmay_lair_oklob_chamber,
          infiniplex_staircase_pool
Lair:6:   gammafunk_lair_ancient_temple, layout_cave_shapes, serial_bayou,
          serial_bayou_shore_b, serial_bayou_lagoon_a, serial_bayou_pond_e,
          serial_bayou_pond_b, gauntlet_entry_generic, serial_bayou_shore_b
Swamp:1:  layout_basic_swamp, lemuel_altar_in_water, uniq_nikola
Orc:1:    layout_caves
Orc:2:    st_orc_town, layout_caves, uniq_snorg

Skill      XL: |  1  2  3  4  5  6  7  8  9 10 11 12 13 14 15 |
---------------+----------------------------------------------+-----
Stealth        | 6 |  6.3
Long Blades    | 1 2 3 4 5 6 8 11 13 | 13.9
Dodging        | 2 3 4 6 7 9 11 13 14 15 | 15.2
Fighting       | 2 3 4 5 6 8 9 10 | 10.2
Invocations    | 6 10 12 14 | 14.9
Evocations     | 2 |  2.6
Armour         | 3 |  3.7
Short Blades   | |  2.1
Throwing       | |  2.0

Action                   |  1- 3 |  4- 6 |  7- 9 | 10-12 | 13-15 || total
-------------------------+-------+-------+-------+-------+-------++-------
Melee: Dagger            |   110 |   116 |       |       |       ||   226
       Rapier            |       |    54 |   245 |    47 |       ||   346
       Long sword        |       |       |       |   315 |       ||   315
       Scimitar          |       |       |       |   436 |   456 ||   892
       Quick blade       |       |       |       |       |  1242 ||  1242
 Fire: Hunting sling     |       |       |     2 |       |       ||     2
Throw: Dart              |    37 |    15 |       |       |       ||    52
       Boomerang         |       |       |     5 |    68 |    41 ||   114
Invok: Ancestor Identity |       |     1 |       |       |       ||     1
       Recall Ancestor   |       |     3 |    16 |    42 |    49 ||   110
       Ancestor Life: Kn |       |       |     1 |       |       ||     1
       Idealise          |       |       |       |     1 |    12 ||    13
Evoke: Wand              |       |       |    31 |    20 |    22 ||    73
       Condenser vane    |       |       |       |     1 |     4 ||     5
  Use: Potion            |     1 |     1 |     2 |     4 |     3 ||    11
       Scroll            |       |       |    12 |    12 |    12 ||    36
 Stab: Sleeping          |     5 |     9 |    32 |    19 |    18 ||    83
       Paralysed         |       |       |     2 |     5 |       ||     7
       Distracted        |       |       |     4 |    12 |     5 ||    21
       Confused          |       |       |       |       |     4 ||     4
Armor: Robe              |    26 |     9 |    15 |     9 |       ||    59
       Steam dragon scal |       |       |       |    55 |    61 ||   116
       Acid dragon scale |       |       |       |       |    28 ||    28
Dodge: Dodged            |    80 |   147 |   255 |   776 |  1157 ||  2415
       Rpst.: Long sword |       |       |       |    96 |       ||    96
       Scimitar          |       |       |       |   118 |   127 ||   245

Table legend: (Time is in decaauts)
 A = Elapsed time spent in this place.
 B = Non-inter-level travel time spent in this place.
 C = Inter-level travel time spent in this place.
 D = Time resting spent in this place.
 E = Time spent auto-exploring this place.
 F = Levels seen in this place.
 G = Mean time per level.
                   A        B        C        D        E       F      G
               +--------+--------+--------+--------+--------+-----+--------+
         Total |  30839 |  29106 |   1733 |  11178 |  12867 |  27 | 1142.2 |
       Dungeon |  19151 |  17793 |   1358 |   5990 |   8511 |  15 | 1276.7 |
          Lair |   7837 |   7565 |    272 |   3184 |   3350 |   6 | 1306.2 |
         Swamp |     46 |     46 |      0 |     10 |      0 |   1 |   46.0 |
  Orcish Mines |   2718 |   2617 |    101 |   1299 |    837 |   2 | 1359.0 |
       Ossuary |     20 |     20 |      0 |      5 |      0 |   1 |   20.0 |
      Ice Cave |    134 |    134 |      0 |    100 |      0 |   1 |  134.0 |
      Gauntlet |    930 |    930 |      0 |    589 |    168 |   1 |  930.0 |
               +--------+--------+--------+--------+--------+-----+--------+

Top non-repeatable levels by time:
    D:11: 2323 daAuts
  Lair:4: 2282 daAuts
    D:10: 1946 daAuts
    D:12: 1626 daAuts
    D:13: 1561 daAuts
     D:3: 1507 daAuts
     D:5: 1465 daAuts
     D:9: 1437 daAuts
   Orc:1: 1435 daAuts
  Lair:6: 1291 daAuts
   Orc:2: 1283 daAuts
  Lair:3: 1226 daAuts
  Lair:2: 1158 daAuts
     D:8: 1148 daAuts
     D:2: 1141 daAuts
